 Adventure DCSS version bcrawl-1.27.3 (webtiles) character file.

Game seed: 12633075134189507673

98135 galech the Skirmisher (level 3, 29/29 HPs)
             Began as a Demonspawn Fighter on July 31, 2020.
             Quit the game on level 3 of the Dungeon.
             The game lasted 00:02:15 (2115 turns).

galech the Skirmisher (Demonspawn Fighter)          Turns: 2115, Time: 00:02:15

Health: 29/29      AC: 10    Str: 16    XL:     3   Next: 75%
Magic:  3/3        EV:  2    Int:  9    God:
Gold:   181        SH:  9    Dex: 14    Spells: 2/2 levels left
                                        Lives:  1   Deaths: 1

rFire    . . .     SeeInvis +   a - +1 war axe
rCold    . . .     Gourm    .   c - +0 medium shield
rNeg     . . .     Faith    .   r - +0 chain mail
rPois    +         Spirit   +   g - +0 helmet
rElec    .         Reflect  .   (no cloak)
rCorr    .         Harm     .   (no gloves)
MR       .....                  (no boots)
Stlth    ..........             (no amulet)
HPRegen  0.09/turn              k - ring of see invisible
MPRegen  0.08/turn              l - ring of poison resistance

@: no status effects
A: magic shield
a: no special abilities


You were on level 3 of the Dungeon.
You were not hungry.

You visited 1 branch of the dungeon, and saw 3 of its levels.

You collected 181 gold pieces.

Inventory:

Hand Weapons
 a - a +1 war axe (weapon)
Armour
 c - a +0 medium shield (worn)
 g - a +0 helmet (worn)
 r - a +0 chain mail (worn)
Jewellery
 k - a ring of see invisible (left hand)
 l - a ring of poison resistance (right hand)
Scrolls
 f - 2 scrolls of fog
Potions
 d - a potion of might
 j - 2 potions of haste {unknown}
 n - a potion of curing {unknown}
Comestibles
 e - 5 rations {!d}
 p - 4 chunks of flesh


   Skills:
 + Level 3.5 Fighting
 + Level 3.0 Axes
 + Level 3.1 Armour
 + Level 0.3 Dodging
 + Level 0.3 Stealth
 + Level 3.5 Shields


You had 2 spell levels left.
You didn't know any spells.
Your spell library was empty.

Dungeon Overview and Level Annotations

Branches:
Dungeon (3/12)

Altars:
Dithmenos
Kikubaaqudgha
Ru
The Shining One


Innate Abilities, Weirdness & Mutations

When hurt, damage is shared between your health and your magic reserves.


Message History

Your shield prevents you from hitting the rat.
The rat is heavily wounded.
You block the rat's attack.
You hit the rat.
You kill the rat!
The gnoll seems to regain its courage.
The quokka seems to regain its courage.
The quokka bites you but does no damage.
You hit the quokka.
The quokka explodes!
The fiery explosion engulfs you!!
Ouch! That really hurt!
* * * LOW HITPOINT WARNING * * *
You are engulfed in blazing flames.
Ouch! That really hurt!
You die...
You hear a shout!
Xom reaches out...
You are now level 3!
You rejoin the land of the living...
Are you sure you want to abandon this character and quit the game? (Confirm with "yes".)

##########
#.........
#......... #######
#......... #.@...#
#......... #.....#
#......... #.....#
#.......>. #.....##
#......... #......#
#...[.....
#......###.........
#......#...........
#......#.....######
####......#.....#


There were no monsters in sight!

Vanquished Creatures
  A hound (D:3)
  A gnoll (D:3)
  3 adders (D:3)
  2 dart slugs
  A worm (D:2)
  3 leopard geckos
  5 bats
  3 giant cockroaches
  2 goblins (D:1)
  4 hobgoblins
  2 jackals (D:2)
  A quokka (D:3)
  2 frilled lizards
  6 kobolds
  8 rats
44 creatures vanquished.

Notes
Turn   | Place    | Note
-------+----------+-------------------------------------------
     0 | D:1      | galech the Demonspawn Fighter began the quest for the Orb.
     0 | D:1      | Reached XP level 1. HP: 18/18 MP: 1/1
   285 | D:1      | Gained mutation: When hurt, damage is shared between your
                  | health and your magic reserves. [demonic ancestry]
   285 | D:1      | Reached XP level 2. HP: 18/24 MP: 2/2
  1242 | D:2      | Reached XP level 3. HP: 27/29 MP: 3/3
  1492 | D:2      | Found a glowing golden altar of the Shining One.
  1492 | D:2      | Found a sacrificial altar of Ru.
  1497 | D:2      | Found a faded altar of an unknown god.
  1502 | D:2      | Found an ancient bone altar of Kikubaaqudgha.
  1504 | D:2      | Found a shadowy altar of Dithmenos.
  2024 | D:3      | Reached XP level 4. HP: 33/35 MP: 2/4
  2114 | D:3      | Engulfed by a cloud of flame
  2115 | D:3      | Reached XP level 3. HP: -11/29 MP: 0/3
  2115 | D:3      | Quit the game

Skill      XL: |  1  2  3  4 |
---------------+-------------+-----
Axes           | 2 3 |  3.0
Shields        | 3 |  3.5
Armour         | 3 |  3.1
Fighting       | |  3.5
Dodging        | |  0.3
Stealth        | |  0.3

Action                   |  1- 3 |  4- 6 || total
-------------------------+-------+-------++-------
Melee: War axe           |   116 |    18 ||   134
  Use: Scroll            |     1 |     5 ||     6
  Eat: Chunk             |     8 |     1 ||     9
Armor: Scale mail        |    72 |       ||    72
       Chain mail        |    15 |    12 ||    27
Dodge: Dodged            |    21 |     2 ||    23
Block: Medium shield     |    82 |     8 ||    90
